General information
- name: BNet
- type: Ladder team game (AT/RT)
- host: Battle.net
- saver: Austrian
map: MarketSquare
- players: 8
- length: 20:56
- speed: Fast
- version: 1.26 W3XP
- replay type: Public
» download(170 KB)
Players
team 1 (winner)
CzornyHunter (
yellow | 67 APM | 1392 actions | 20:55)
6 Blademaster
3 Wind Walk
2 Critical Strike
1 Bladestorm
» actions
| Assign group hotkey | 186 | |
| Basic commands | 1 | |
| Build / train | 58 | |
| ESC pressed | 1 | |
| Enter build submenu | 14 | |
| Enter hero's abilities submenu | 7 | |
| Remove unit from queue | 1 | |
| Right click | 649 | |
| Select / deselect | 231 | |
| Select group hotkey | 153 | |
| Use ability | 91 | |
1392 total
» units
» upgrades
| Ranged Weapons | 3 | |
| Liquid Fire | 1 | |
| Reinforced Defenses | 1 | |
| Armor | 2 | |
7 total
» buildings
| Altar of Storms | 1 | |
| Orc Burrow | 7 | |
| Voodoo Lounge | 1 | |
| War Mill | 1 | |
| Stronghold | 1 | |
| Beastiary | 3 | |
| Fortress | 1 | |
| Great Hall | 1 | |
16 total
» build order
00:03 Altar of Storms
00:10 Orc Burrow
00:52 Voodoo Lounge
01:23 War Mill
02:02 Orc Burrow
03:13 Stronghold
03:58 Orc Burrow
04:02 Orc Burrow
04:13 Orc Burrow
05:42 Beastiary
05:44 Beastiary
06:50 Fortress
10:23 Orc Burrow
11:52 Orc Burrow
14:06 Great Hall
20:41 Beastiary
» items
| Healing Salve | 2 | |
| Lesser Clarity Potion | 4 | |
| Boots of Speed | 1 | |
| Staff of Teleportation | 1 | |
8 total
RabbitHunter (
pink | 71 APM | 1487 actions | 20:55)
8 Priestess of the Moon
3 Trueshot Aura
3 Searing Arrows
1 Starfall
1 Scout
» actions
| Assign group hotkey | 92 | |
| Basic commands | 12 | |
| Build / train | 75 | |
| Enter build submenu | 15 | |
| Enter hero's abilities submenu | 8 | |
| Give item / drop item | 2 | |
| Remove unit from queue | 1 | |
| Right click | 638 | |
| Select / deselect | 247 | |
| Select group hotkey | 350 | |
| Use ability | 47 | |
1487 total
» units
| Wisp | 22 | |
| Archer | 10 | |
| Hippogryph | 5 | |
| Chimaera | 13 | |
50 total
» upgrades
| Hippogryph Taming | 1 | |
| Improved Bows | 1 | |
| Strength of the Wild | 1 | |
| Reinforced Hides | 1 | |
| Corrosive Breath | 1 | |
5 total
» buildings
| Altar of Elders | 1 | |
| Moon Well | 7 | |
| Ancient of War | 1 | |
| Tree of Ages | 1 | |
| Hunter's Hall | 1 | |
| Ancient of Wonders | 1 | |
| Ancient Protector | 1 | |
| Tree of Life | 1 | |
| Tree of Eternity | 1 | |
| Ancient of Wind | 2 | |
| Chimaera Roost | 2 | |
19 total
» build order
00:18 Altar of Elders
00:25 Moon Well
00:53 Ancient of War
01:22 Moon Well
02:16 Moon Well
03:13 Moon Well
03:49 Tree of Ages
04:08 Hunter's Hall
04:12 Ancient of Wonders
05:18 Ancient Protector
06:23 Tree of Life
06:30 Tree of Eternity
06:33 Ancient of Wind
06:39 Ancient of Wind
10:07 Chimaera Roost
10:10 Chimaera Roost
11:29 Moon Well
11:30 Moon Well
11:31 Moon Well
» items
| Potion of Healing | 3 | |
| Boots of Speed | 1 | |
| Scroll of Protection | 1 | |
| Anti-magic Potion | 1 | |
| Scroll of Town Portal | 2 | |
8 total
Austrian (
red | 105 APM | 2205 actions | 20:56)
8 Blademaster
3 Wind Walk
3 Critical Strike
1 Bladestorm
1 Mirror Image
» actions
| Assign group hotkey | 48 | |
| Basic commands | 31 | |
| Build / train | 122 | |
| ESC pressed | 18 | |
| Enter build submenu | 36 | |
| Enter hero's abilities submenu | 8 | |
| Give item / drop item | 3 | |
| Right click | 1041 | |
| Select / deselect | 310 | |
| Select group hotkey | 477 | |
| Use ability | 111 | |
2205 total
» units
| Peon | 38 | |
| Grunt | 16 | |
| Wind Rider | 5 | |
| Troll Batrider | 2 | |
61 total
» upgrades
| Pillage | 3 | |
| Armor | 3 | |
| Ranged Weapons | 4 | |
| Berserker Strength | 1 | |
| Troll Regeneration | 1 | |
| Envenomed Spears | 1 | |
| Liquid Fire | 1 | |
| Reinforced Defenses | 1 | |
| Backpack | 1 | |
| Spiked Barricades | 1 | |
17 total
» buildings
| Altar of Storms | 1 | |
| Orc Burrow | 4 | |
| Barracks | 1 | |
| Voodoo Lounge | 1 | |
| Great Hall | 2 | |
| War Mill | 1 | |
| Watch Tower | 17 | |
| Stronghold | 4 | |
| Fortress | 3 | |
| Beastiary | 3 | |
37 total
» build order
00:08 Altar of Storms
00:10 Orc Burrow
00:33 Barracks
01:31 Orc Burrow
01:57 Voodoo Lounge
03:11 Orc Burrow
04:31 Great Hall
04:51 War Mill
05:11 Orc Burrow
06:07 Watch Tower
06:10 Watch Tower
07:03 Stronghold
07:03 Stronghold
07:03 Stronghold
07:33 Watch Tower
07:37 Watch Tower
08:05 Watch Tower
08:09 Watch Tower
08:10 Watch Tower
09:41 Fortress
09:41 Fortress
09:45 Beastiary
09:46 Beastiary
09:47 Beastiary
11:19 Watch Tower
13:35 Watch Tower
13:48 Watch Tower
14:06 Watch Tower
16:32 Great Hall
16:48 Watch Tower
17:04 Watch Tower
18:43 Watch Tower
18:49 Watch Tower
19:09 Watch Tower
19:11 Watch Tower
» items
| Healing Salve | 4 | |
| Boots of Speed | 3 | |
| Scroll of Town Portal | 2 | |
| Orb of Lightning | 1 | |
| Lesser Clarity Potion | 1 | |
11 total
B1ame (
green | 87 APM | 1829 actions | 20:55)
5 Blademaster
3 Wind Walk
2 Critical Strike
4 Shadow Hunter
2 Hex
2 Healing Wave
» actions
| Assign group hotkey | 29 | |
| Basic commands | 39 | |
| Build / train | 54 | |
| ESC pressed | 2 | |
| Enter build submenu | 21 | |
| Enter hero's abilities submenu | 10 | |
| Give item / drop item | 1 | |
| Right click | 713 | |
| Select / deselect | 333 | |
| Select group hotkey | 562 | |
| Use ability | 65 | |
1829 total
» units
» upgrades
| Armor | 1 | |
| Shaman Training | 2 | |
| Pulverize | 1 | |
4 total
» buildings
| Altar of Storms | 1 | |
| Orc Burrow | 8 | |
| Voodoo Lounge | 1 | |
| War Mill | 1 | |
| Stronghold | 1 | |
| Watch Tower | 3 | |
| Spirit Lodge | 1 | |
| Fortress | 1 | |
| Tauren Totem | 2 | |
19 total
» build order
00:09 Altar of Storms
00:13 Orc Burrow
00:51 Voodoo Lounge
01:29 Orc Burrow
01:53 War Mill
03:23 Stronghold
03:29 Watch Tower
03:34 Orc Burrow
04:04 Watch Tower
05:52 Spirit Lodge
05:57 Fortress
10:42 Orc Burrow
10:45 Tauren Totem
10:52 Orc Burrow
10:54 Tauren Totem
11:11 Watch Tower
13:12 Orc Burrow
13:46 Orc Burrow
17:06 Orc Burrow
» items
| Lesser Clarity Potion | 5 | |
| Healing Salve | 2 | |
| Scroll of Speed | 2 | |
| Potion of Healing | 2 | |
| Orb of Lightning | 1 | |
| Scroll of Town Portal | 1 | |
13 total
team 2 (loser)

»
jvkwz (
blue | 31 APM | 579 actions | 18:34)
4 Death Knight
2 Death Coil
2 Unholy Aura
2 Pit Lord
1 Howl of Terror
1 Cleaving Attack
» actions
| Build / train | 56 | |
| Enter build submenu | 27 | |
| Enter hero's abilities submenu | 6 | |
| Give item / drop item | 2 | |
| Remove unit from queue | 2 | |
| Right click | 215 | |
| Select / deselect | 218 | |
| Use ability | 53 | |
579 total
» units
| Acolyte | 8 | |
| Ghoul | 3 | |
| Crypt Fiend | 12 | |
23 total
» upgrades
| Creature Carapace | 2 | |
| Creature Attack | 2 | |
| Web | 1 | |
5 total
» buildings
| Crypt | 1 | |
| Graveyard | 1 | |
| Altar of Darkness | 1 | |
| Ziggurat | 11 | |
| Tomb of Relics | 1 | |
| Nerubian Tower | 1 | |
| Halls of the Dead | 1 | |
| Necropolis | 1 | |
| Spirit Tower | 4 | |
| Black Citadel | 1 | |
| Sacrificial Pit | 1 | |
| Boneyard | 1 | |
25 total
» build order
00:42 Crypt
00:47 Graveyard
00:53 Altar of Darkness
00:57 Ziggurat
01:20 Tomb of Relics
01:43 Ziggurat
02:57 Nerubian Tower
05:53 Halls of the Dead
08:25 Ziggurat
08:30 Ziggurat
08:32 Ziggurat
08:34 Necropolis
10:46 Spirit Tower
11:03 Ziggurat
11:18 Spirit Tower
11:54 Black Citadel
13:15 Sacrificial Pit
14:18 Boneyard
16:03 Spirit Tower
16:11 Ziggurat
16:14 Ziggurat
16:58 Ziggurat
17:21 Ziggurat
17:43 Spirit Tower
17:49 Ziggurat
» items
| Rod of Necromancy | 2 | |
| Dust of Appearance | 2 | |
| Sacrificial Skull | 1 | |
| Boots of Speed | 1 | |
| Potion of Healing | 1 | |
| Potion of Mana | 1 | |
| Orb of Corruption | 1 | |
| Scroll of Town Portal | 2 | |
11 total

»
Blablabla_ (
teal | 67 APM | 1318 actions | 19:40)
4 Priestess of the Moon
2 Scout
2 Trueshot Aura
1 Keeper of the Grove
1 Entangling Roots
» actions
| Assign group hotkey | 31 | |
| Basic commands | 32 | |
| Build / train | 54 | |
| Enter build submenu | 14 | |
| Enter hero's abilities submenu | 5 | |
| Right click | 582 | |
| Select / deselect | 349 | |
| Select group hotkey | 218 | |
| Use ability | 33 | |
1318 total
» units
| Wisp | 10 | |
| Archer | 24 | |
| Druid of the Talon | 6 | |
40 total
» upgrades
| Strength of the Moon | 2 | |
| Moon Armor | 1 | |
| Improved Bows | 1 | |
| Druid of the Talon Training | 1 | |
5 total
» buildings
| Moon Well | 7 | |
| Altar of Elders | 1 | |
| Ancient of War | 2 | |
| Hunter's Hall | 1 | |
| Tree of Ages | 1 | |
| Ancient of Wonders | 1 | |
| Ancient of Wind | 1 | |
| Tree of Life | 1 | |
15 total
» build order
00:15 Moon Well
00:22 Altar of Elders
00:48 Ancient of War
01:40 Moon Well
02:04 Moon Well
02:25 Ancient of War
02:43 Moon Well
05:05 Hunter's Hall
05:49 Tree of Ages
05:53 Moon Well
08:13 Ancient of Wonders
08:19 Ancient of Wind
08:26 Moon Well
18:18 Tree of Life
18:23 Moon Well
» items
asdfgh- (
orange | 105 APM | 1889 actions | 17:56)
2 Death Knight
1 Death Coil
1 Unholy Aura
1 Lich
1 Frost Nova
» actions
| Assign group hotkey | 26 | |
| Basic commands | 8 | |
| Build / train | 53 | |
| ESC pressed | 5 | |
| Enter build submenu | 11 | |
| Enter hero's abilities submenu | 3 | |
| Give item / drop item | 2 | |
| Right click | 1113 | |
| Select / deselect | 481 | |
| Select group hotkey | 117 | |
| Use ability | 70 | |
1889 total
» units
| Acolyte | 15 | |
| Ghoul | 14 | |
| Gargoyle | 1 | |
30 total
» upgrades
| Cannibalize | 1 | |
| Ghoul Frenzy | 1 | |
| Unholy Armor | 1 | |
| Stone Form | 1 | |
4 total
» buildings
| Graveyard | 1 | |
| Ziggurat | 3 | |
| Altar of Darkness | 1 | |
| Tomb of Relics | 1 | |
| Nerubian Tower | 1 | |
| Crypt | 2 | |
| Halls of the Dead | 1 | |
| Black Citadel | 1 | |
| Spirit Tower | 1 | |
12 total
» build order
00:56 Graveyard
00:59 Ziggurat
01:34 Altar of Darkness
01:50 Ziggurat
01:58 Ziggurat
02:10 Tomb of Relics
02:46 Nerubian Tower
03:35 Crypt
03:56 Crypt
05:14 Halls of the Dead
08:05 Black Citadel
11:53 Spirit Tower
» items
| Rod of Necromancy | 2 | |
| Dust of Appearance | 1 | |
| Scroll of Protection | 1 | |
| Scroll of Healing | 1 | |
| Scroll of Town Portal | 1 | |
| Potion of Healing | 1 | |
| Potion of Mana | 1 | |
| Orb of Corruption | 2 | |
10 total
PatCache (
purple | 31 APM | 644 actions | 20:54)
5 Paladin
3 Divine Shield
2 Devotion Aura
3 Mountain King
1 Bash
2 Thunder Clap
» actions
| Basic commands | 12 | |
| Build / train | 108 | |
| Enter build submenu | 38 | |
| Enter hero's abilities submenu | 8 | |
| Give item / drop item | 2 | |
| Remove unit from queue | 1 | |
| Right click | 108 | |
| Select / deselect | 318 | |
| Use ability | 48 | |
644 total
» units
| Peasant | 21 | |
| Footman | 11 | |
| Priest | 4 | |
| Knight | 2 | |
| Flying Machine | 22 | |
| Rifleman | 2 | |
| Frost Wyrm | 1 | |
63 total
» upgrades
| Masonry | 3 | |
| Swords | 2 | |
| Lumber Harvesting | 2 | |
| Plating | 3 | |
| Gunpowder | 2 | |
| Flak Cannons | 1 | |
| Flying Machine Bombs | 1 | |
| Priest Training | 1 | |
| Animal War Training | 1 | |
| Long Rifles | 1 | |
| Armor | 1 | |
18 total
» buildings
| Barracks | 2 | |
| Altar of Kings | 1 | |
| Farm | 14 | |
| Scout Tower | 15 | |
| Arcane Tower | 5 | |
| Lumber Mill | 1 | |
| Guard Tower | 9 | |
| Keep | 1 | |
| Town Hall | 1 | |
| Blacksmith | 1 | |
| Castle | 1 | |
| Arcane Sanctum | 1 | |
| Workshop | 2 | |
54 total
» build order
00:24 Barracks
00:28 Altar of Kings
00:36 Farm
01:14 Farm
01:53 Farm
02:54 Farm
03:47 Scout Tower
04:13 Arcane Tower
04:18 Scout Tower
04:34 Farm
04:37 Farm
05:03 Lumber Mill
05:13 Scout Tower
05:48 Scout Tower
06:02 Guard Tower
06:21 Scout Tower
07:00 Arcane Tower
07:01 Guard Tower
07:04 Scout Tower
07:25 Keep
07:43 Town Hall
08:00 Scout Tower
08:15 Guard Tower
08:18 Farm
08:28 Blacksmith
08:32 Scout Tower
08:33 Arcane Tower
09:04 Scout Tower
09:06 Guard Tower
09:32 Farm
09:36 Guard Tower
09:55 Scout Tower
10:37 Guard Tower
10:41 Scout Tower
10:46 Castle
10:54 Barracks
11:00 Arcane Sanctum
11:11 Guard Tower
11:14 Scout Tower
11:33 Farm
12:00 Workshop
12:05 Workshop
12:12 Farm
12:22 Farm
12:28 Scout Tower
12:29 Guard Tower
12:52 Farm
12:59 Guard Tower
13:03 Scout Tower
13:10 Farm
13:36 Farm
14:59 Scout Tower
15:00 Arcane Tower
16:31 Arcane Tower
Chat log
(04:42 / Allies) CzornyHunter: mass
(07:28 / Allies) CzornyHunter: mid all ?
(07:37 / Allies) B1ame: go
(08:15 / Allies) CzornyHunter: midddd
(09:22 / Allies) CzornyHunter: gogo bm
(09:22 / Allies) CzornyHunter: red
(09:25 / Allies) CzornyHunter: imba
(09:28 / Allies) Austrian: was getting full hp and mana
(09:41 / Allies) CzornyHunter: dk
(09:41 / Allies) CzornyHunter: bm
(09:49 / Allies) CzornyHunter: red
(09:50 / Allies) CzornyHunter: dk !!
(11:10 / Allies) CzornyHunter: free exp xd
(11:30 / All) CzornyHunter: ghouls
(11:33 / All) CzornyHunter: free exp xd
(12:06 / Allies) RabbitHunter: Ty
(12:42 / Allies) B1ame: thx
(12:43 / Allies) RabbitHunter: Ty
(12:50 / Allies) Austrian: np I'm trying to stay at 50 food
(14:32 / Allies) RabbitHunter: take
(16:13 / Allies) B1ame: b
(16:14 / Allies) B1ame: b
(16:15 / Allies) B1ame: b
(16:57 / Allies) RabbitHunter: Ty
(17:56 / All) asdfgh-: hahahaha
(18:07 / All) RabbitHunter: gg
(18:10 / All) Austrian: gg
(18:40 / Allies) CzornyHunter: gj team
(18:43 / Allies) RabbitHunter: gj
(18:46 / Allies) Austrian: wp
(19:02 / Allies) CzornyHunter: look purp this noob xd